Cogmind - Beta 14 @@@ ROGUE MODE // 2024.11.10 @ 15:31:26 Player: Kate+Gabe4evr Result: Destroyed self with Rocket Launcher Performance ------------- Evolutions (0) 0 Regions Visited (3) 600 Robots Destroyed (8) 40 Value Destroyed (320) 320 Prototype IDs (0) 0 Alien Tech Used (0) 0 Bonus (-54) -54 TOTAL SCORE: 906 Bonus ------- Friendly Fire -54 Cogmind --------- Core Integrity 0/250 Matter 262/300 Energy 100/100 System Corruption 1% Temperature Cool (0) Movement Rolling (110) Location -10/Subcaves Parts ------- > --- POWER (1) -------- (None) > --- PROPULSION (2) --- Subdweller Monowheel > --- UTILITY (2) ------ (None) > --- WEAPON (2) ------- Rocket Launcher > --- INVENTORY (5) ---- Light Ion Engine Aluminum Leg Aluminum Leg Small Storage Unit Structural Scanner Peak State ------------ > --- POWER ------------ (None) > --- PROPULSION ------- Subdweller Monowheel > --- UTILITY ---------- Scrap Shield > --- WEAPON ----------- Rocket Launcher > --- INVENTORY -------- Light Ion Engine Aluminum Leg Aluminum Leg Structural Scanner [Rating: 8] Favorites ----------- Power None Propulsion Subdweller Monowheel Wheel Subdweller Monowheel Utility Structural Scanner Device Structural Scanner Storage Small Storage Unit Protection Scrap Shield Weapon Rocket Launcher Launcher Rocket Launcher Build | -11 -10 -10 -10 ------- Run | Yrd Mat Min Sub Slots Evolved . | . . . . Power . | . . . . Propulsion . | . . . . Utility . | . . . . Weapon . | . . . . Parts Attached 5 | . 1 . 4 Power . | . . . . Engine . | . . . . Core . | . . . . Reactor . | . . . . Propulsion 1 | . . . 1 Treads . | . . . . Leg . | . . . . Wheel 1 | . . . 1 Hover . | . . . . Flight . | . . . . Utility 3 | . 1 . 2 Device 1 | . 1 . . Storage 1 | . . . 1 Processor . | . . . . Hackware . | . . . . Protection 1 | . . . 1 Artifact . | . . . . Weapon 1 | . . . 1 Energy Gun . | . . . . Energy Cannon . | . . . . Ballistic Gun . | . . . . Ballistic Cannon . | . . . . Launcher 1 | . . . 1 Special Weapon . | . . . . Impact Weapon . | . . . . Slashing Weapon . | . . . . Piercing Weapon . | . . . . Special Melee Weapon . | . . . . Unidentified Prototypes . | . . . . Parts Lost 1 | . . . 1 Power . | . . . . Propulsion . | . . . . Utility 1 | . . . 1 Weapon . | . . . . Highest Loss Streak 1 | . . . 1 To Critical Strikes . | . . . . Average Slot Usage (%) 10 | . . 14 35 Wheel 1 | . . . 8 Device 5 | . . 14 1 Protection 1 | . . . 12 Launcher 1 | . . . 12 Peak Build Rating 8 | . 1 1 8 Average Rating 1 | . . 1 6 On Entrance . | . . 1 1 Naked Turns 440 | . 439 . 1 Heaviest Build 22 | . 1 1 22 Greatest Support 20 | 3 3 3 20 Greatest Overweight (x) 7 | . . . 7 Average Overweight (x) . | . . . 1 Largest Inventory Capacity 8 | 5 5 5 8 Average Capacity 5 | 5 5 5 5 Most Carried 5 | 5 5 5 5 Average Carried 4 | 3 5 5 4 Final Capacity 5 | 5 5 5 5 Final Carried 5 | 5 5 5 5 Class Distribution -------------------- 100% | Mutant Dominant Class ---------------- Mutant | -10/Materials Mutant | -10/Mines Mutant | -10/Subcaves Resources | -11 -10 -10 -10 ----------- Run | Yrd Mat Min Sub Matter Collected 254 | 200 . . 54 Remotely . | . . . . Salvage Created 271 | . . . 271 Parts 17 | . . . 17 Haulers Intercepted . | . . . . Recyclers Shooed . | . . . . Parts Field Recycled . | . . . . Retrieved Matter . | . . . . Parts Self-Destructed . | . . . . Prevented . | . . . . Kills | -11 -10 -10 -10 ------- Run | Yrd Mat Min Sub Combat Hostiles Destroyed 8 | . . . 8 AOE 8 | . . . 8 Classes Destroyed 1 | . . . 1 Subdweller 8 | . . . 8 Best Kill Streak 7 | . . . 7 Combat Bots Only 7 | . . . 7 Max Kills in Single Turn 3 | . . . 3 Gunslinging . | . . . . Exploded 3 | . . . 3 Melee . | . . . . Uniques/NPCs Destroyed . | . . . . Combat | -11 -10 -10 -10 -------- Run | Yrd Mat Min Sub Hostile Shots Fired 46 | . 5 29 12 Missed 15 | . 3 8 4 Damage Taken 538 | . 16 189 333 Core 253 | . 16 179 58 Absorbed by Shields . | . . . . Core Remaining (%) 100 | 100 . . . Volleys Fired 4 | . . . 4 Largest 1 | . . . 1 Hottest 33 | . . . 33 Shots Fired 5 | . . . 5 Gun . | . . . . Cannon . | . . . . Launcher 5 | . . . 5 Special . | . . . . Kinetic . | . . . . Thermal . | . . . . Explosive 5 | . . . 5 Electromagnetic . | . . . . Robot Hit Streak 3 | . . . 3 Robot Miss Streak 1 | . . . 1 Penetration Max . | . . . . Secondary Targets . | . . . . Shots Hit Robots 4 | . . . 4 Core Hits 15 | . . . 15 Critical Kills . | . . . . Critical Parts Destroyed . | . . . . Critical Strikes . | . . . . Melee Attacks . | . . . . Impact . | . . . . Slashing . | . . . . Piercing . | . . . . Sneak Attacks . | . . . . Combat Hostiles . | . . . . Follow-up Attacks . | . . . . Damage Inflicted 1223 | . . 5 1218 Guns . | . . . . Cannons . | . . . . Explosions 1218 | . . . 1218 Melee . | . . . . Ramming 5 | . . 5 . Kinetic . | . . . . Thermal . | . . . . Explosive 1218 | . . . 1218 Electromagnetic . | . . . . Impact . | . . . . Slashing . | . . . . Piercing . | . . . . Highest Corruption 1 | . . 1 1 Average Corruption 1 | . . 1 1 Corruption Purged . | . . . . Corruption Blocked . | . . . . Effects 2 | . . 1 1 Heat Flow Errors 1 | . . 1 . Misfires 1 | . . . 1 Overload Shots . | . . . . Overflow Damage . | . . . . Projectiles . | . . . . Explosions . | . . . . Melee . | . . . . Knockbacks . | . . . . Impact . | . . . . Kinetic . | . . . . Secondary . | . . . . Self-Inflicted Damage 190 | . . 2 188 Shots 4 | . . . 4 Rammed 2 | . . 2 . Targets Rammed 2 | . . 2 . Kicked . | . . . . Crushed . | . . . . Highest Temperature 156 | . . 156 . Average Temperature 143 | . . 143 . Received Heat Transfer 54 | . . 33 21 Siege Activations . | . . . . Robots Corrupted . | . . . . Combat Hostiles . | . . . . Parts Fried . | . . . . Impact Corruptions . | . . . . Robots Melted . | . . . . Combat Hostiles . | . . . . Parts Melted . | . . . . Heat Transferred . | . . . . Parts Sabotaged . | . . . . Parts Stolen . | . . . . Parts Stripped . | . . . . Power Chain Reactions . | . . . . Alert | -11 -10 -10 -10 ------- Run | Yrd Mat Min Sub Peak Influence 99 | . 15 99 . Initial 5 | . . 5 . Average 33 | . . 84 . Maximum Alert Level . | . . . . Low Security (%) 100 | 100 100 100 . Level 1 . | . . . . Level 2 . | . . . . Level 3 . | . . . . Level 4 . | . . . . Level 5 . | . . . . High Security . | . . . . Max Security . | . . . . Squads Dispatched 1 | . 1 . . Investigation . | . . . . Extermination . | . . . . Reinforcement 1 | . 1 . . Assault . | . . . . Garrison . | . . . . Intercept . | . . . . Searches Triggered . | . . . . Construction Impeded . | . . . . Haulers Reinforced . | . . . . Active Scanning Responses . | . . . . Cargo Convoy Interrupts . | . . . . Stealth | -11 -10 -10 -10 --------- Run | Yrd Mat Min Sub Distress Signals 1 | . 1 . . Communications Jammed . | . . . . Distress Signals . | . . . . Times Spotted 25 | . 6 7 12 Peak Tracking Total 9 | . 7 4 9 Tactical Retreats 3 | . . 3 . Traps | -11 -10 -10 -10 ------- Run | Yrd Mat Min Sub Traps Triggered . | . . . . Indirectly . | . . . . Trap Hack Attempts . | . . . . Triggered . | . . . . Disarmed . | . . . . Reprogrammed . | . . . . Reused . | . . . . Traps Extracted . | . . . . Installed . | . . . . Triggered . | . . . . Machines | -11 -10 -10 -10 ---------- Run | Yrd Mat Min Sub Machines Disabled . | . . . . Max in Single Turn . | . . . . Machines Repaired . | . . . . Machines Dismantled . | . . . . Machines Sabotaged . | . . . . Overloaded Fab Kills . | . . . . Hacking | -11 -10 -10 -10 --------- Run | Yrd Mat Min Sub Machines Accessed 1 | . . 1 . Terminals 1 | . . 1 . Fabricators . | . . . . Repair Stations . | . . . . Recycling Units . | . . . . Scanalyzers . | . . . . Garrison Access . | . . . . Total Hacks 3 | . . 3 . Successful 2 | . . 2 . Failed 1 | . . 1 . Catastrophic . | . . . . Database Lockouts . | . . . . Manual . | . . . . Terminals 3 | . . 3 . Fabricators . | . . . . Repair Stations . | . . . . Recycling Units . | . . . . Scanalyzers . | . . . . Garrison Access . | . . . . Terminal Hacks 2 | . . 2 . Dispatch Records 1 | . . 1 . Zone Layout 1 | . . 1 . Fabricator Hacks . | . . . . Repair Station Hacks . | . . . . Recycling Unit Hacks . | . . . . Scanalyzer . | . . . . Garrison Access Hacks . | . . . . Unauthorized Hacks . | . . . . Terminals . | . . . . Fabricators . | . . . . Repair Stations . | . . . . Recycling Units . | . . . . Scanalyzers . | . . . . Garrison Access . | . . . . Data Cores Recovered . | . . . . Used . | . . . . Hacking Detections 1 | . . 1 . Full Trace Events . | . . . . Feedback Events . | . . . . Feedback Blocked . | . . . . Robot Schematics Acquired . | . . . . Robots Built . | . . . . Authchips . | . . . . Time . | . . . . Total Robot Build Rating . | . . . . Part Schematics Acquired . | . . . . Parts Built . | . . . . Authchips . | . . . . Time . | . . . . Total Part Build Rating . | . . . . Parts Repaired . | . . . . Time . | . . . . Parts Recycled . | . . . . Recycled Matter . | . . . . Retrieved Matter . | . . . . Retrieved Components . | . . . . Parts Scanalyzed . | . . . . Part Schematics Acquired . | . . . . Parts Damaged . | . . . . Bothacking | -11 -10 -10 -10 ------------ Run | Yrd Mat Min Sub Used RIF Installer . | . . . . Robots Hacked . | . . . . Non-combat . | . . . . Combat . | . . . . Robot Hacks Applied . | . . . . Relay Couplers Released . | . . . . Fabnet Peak Effective % . | . . . . Robots Rewired . | . . . . Allies Hacked . | . . . . Hacks Repelled . | . . . . Allies | -11 -10 -10 -10 -------- Run | Yrd Mat Min Sub Total Allies . | . . . . Largest Group . | . . . . Highest-Rated Group . | . . . . Highest-Rated Ally . | . . . . Total Orders . | . . . . Ally Attacks . | . . . . Total Damage . | . . . . Kills . | . . . . Allies Corrupted . | . . . . Allies Melted . | . . . . Intel | -11 -10 -10 -10 ------- Run | Yrd Mat Min Sub Robot Analysis Total . | . . . . Derelict Logs Recovered 1 | . . 1 . Drone Launches . | . . . . Drone Recoveries . | . . . . Exploration | -11 -10 -10 -10 ------------- Run | Yrd Mat Min Sub Turns Passed 902 | 20 453 305 124 Spaces Moved 361 | 31 84 175 71 Core 303 | 31 84 175 13 Treads . | . . . . Legs . | . . . . Wheels 58 | . . . 58 Hover . | . . . . Flight . | . . . . Fastest Speed 50 | 50 50 50 50 Average Speed 69 | 50 50 50 151 Slowest Speed 400 | 50 50 50 400 Overloaded Moves . | . . . . Propulsion Burnouts . | . . . . Robots Hopped . | . . . . Cave-ins Triggered . | . . . . Exploration Rate (%) 23 | 3 21 63 5 Regions Visited 3 Branch Regions 2 Pre-discovered Areas 1 | . . 1 . Known Exits Taken . | . . . . Unknown Exits Taken 3 | 1 1 1 . Scrap Searched . | . . . . Spaces Dug . | . . . . Terrain Destroyed 46 | . . . 46 Melee . | . . . . Projectile . | . . . . AOE 46 | . . . 46 Terrain Rammed . | . . . . Walls Destroyed . | . . . . Machines Disabled . | . . . . Actions | -11 -10 -10 -10 --------- Run | Yrd Mat Min Sub Total 1005 | 35 493 392 85 Wait 626 | . 409 214 3 Move 358 | 30 83 174 71 Hop . | . . . . Pick Up 7 | 5 . 1 1 Fast Attach 3 | . 1 . 2 Attach 2 | . . . 2 Detach 1 | . . . 1 Swap . | . . . . Drop 2 | . . 1 1 Fire 4 | . . . 4 Melee . | . . . . Ram 2 | . . 2 . Kick . | . . . . Crush . | . . . . Escape Stasis . | . . . . Rewire . | . . . . Trap . | . . . . Miscellaneous . | . . . . Route ------- -11/Scrapyard -10/Materials -10/Mines -10/Subcaves History --------- Turn | Location | Event 6 | -11/Scrapyard | Discovered new exit (range 16) 21 | -11/Scrapyard | Entered Materials 307 | -10/Materials | Build established: Mutant 468 | -10/Materials | Discovered new exit (range 12) 474 | -10/Materials | Entered Mines 503 | -10/Mines | Core integrity fell below 50% 514 | -10/Mines | Learned location of Zion (-6) 555 | -10/Mines | Received a Rocket Launcher from a helpful Derelict 720 | -10/Mines | Discovered new exit (range 4) 779 | -10/Mines | Entered Subcaves 787 | -10/Subcaves | Ambushed by Subdwellers from Twisted Machinery 852 | -10/Subcaves | Shifting Twisted Machinery released Scrap Shield 899 | -10/Subcaves | Ambushed by swarm of Subdwellers 899 | -10/Subcaves | Ambushed by Subdwellers from Twisted Machinery 899 | -10/Subcaves | Ambushed by Subdwellers from Twisted Machinery 899 | -10/Subcaves | Ambushed by Subdwellers from Twisted Machinery 899 | -10/Subcaves | Ambushed by Subdwellers from Twisted Machinery 899 | -10/Subcaves | Ambushed by Subdwellers from Twisted Machinery 899 | -10/Subcaves | Ambushed by Subdwellers from Twisted Machinery 902 | -10/Subcaves | Core integrity fell below 20% 903 | -10/Subcaves | Destroyed self with Rocket Launcher Last Messages --------------- 00899_ 0W-F54(h): "The Subs are coming!" 00899_ Q9-3KX(R) angrily emerges from the Twisted Machinery. 00899_ 1Z-6E2(R) angrily emerges from the Twisted Machinery. 00899_ FP-M1O(R) angrily emerges from the Twisted Machinery. 00899_ TP-J6D(R) angrily emerges from the Twisted Machinery. 00899_ NK-RDD(R) angrily emerges from the Twisted Machinery. 00899_ MR-J1R(R) angrily emerges from the Twisted Machinery. 00899_ SU-IXG(R) destroyed. 00899_ 5X-NYI(R) destroyed. 00899_ MR-J1R(R) destroyed. 00900_ The unstable cave ceiling collapses. 00900_ HV Slug penetrates 3A-0O4(R). 00900_ HV Slug penetrates GP-PLB(R). 00900_ 3X-SGM(R) suffers critical hit (Destroy). 00900_ 3X-SGM(R) destroyed. 00901_ Scrap Shield destroyed. 00901_ TR-JUN(R) destroyed. 00903_ 3A-0O4(R) destroyed. 00903_ TP-J6D(R) destroyed. 00903_ GP-PLB(R) destroyed. Map ----- +----------------------------------------------------+ | ???????????? ?????????### ##??????????????? | | ??????????? ????????### ###?????????????? | | ??????????? ???????# ##?????????????? | | ??????????? ???#### ##?????????????? | | ???????????? ### #?????????????? | | ??????????# ### ! ##????????????? | | ??????????# # &! #????????????? | | ????????? # # ## & * ##????????????? | | ?????????? ###?# # # #?????????????? | | ???????????? #?# ##?????????????? | | ?????????????? ?## ##?????????????? | | ?????????????# ?# ### #?????????????? | | ??????????????# ## ######?????????????? | | ???????????????????# #?###?????????????? | | ???????????????????## #?????????????????? | | ????????????????????# ##?????????????????? | | ????????????????????# #??????????????????? | | ????????????????????## #??????????????????? | | ????????????????????## #??????????????????? | | ??????????????????#?# ##?????????????????? | | ????????????????###"# h #####?????????????? | | ????????????????""""" =!= #?????????????? | | ??????????????? "u" %%&& #?????????????? | | ????????????????# ## &R%&[R #?????????????? | | ????????????????#??### & R #?????????????? | | ?????????????????????#!&&@% #??????????????? | | ?????????????????????# !%=R #??????????????? | | ?????????????????????# * R #?????????????? | | ?????????????????????# #"###?????????????? | | ???????????????????? ""???????????????? | | ??????????????????? ""???????????????? | | ??????????????????### # ###??????????????? | | ????????????????????## ?#?????????????????? | | ?????????????????????## ???????????????????? | | ??????????????????????# ???????????????????? | | ??????????????????????#????????????????????? | | ???????????????????????????????????????????? | | ???????????????????????????????????????????? | | ???????????????????????????????????????????? | | ???????????????????????????????????????????? | | ???????????????????????????????????????????? | | ???????????????????????????????????????????? | | ???????????????????????????????????????????? | | ???????????????????????????????????????????? | | ???????????????????????????????????????????? | | ???????????????????????????????????????????? | | ???????????????????????????????????????????? | | ???????????????????????????????????????????? | | ???????????????????????????????????????????? | | ???????????????????????????????????????????? | +----------------------------------------------------+ Best States ------------- Heat Dissipation 25 Energy Generation 5 Energy Capacity 100 Matter Stores 300 Matter Capacity 300 Sight Range 16 Terrain Scan Density 10 Armor Coverage 800 Evasion (%) 50 Item Schematics ----------------- None Robot Schematics ------------------ None Fabricated ------------ Nothing Alien Tech Used ----------------- None Achievements -------------- None Challenges ------------ None Game ------ Seed InsulatedHelicalTerminator Manual? 0 Play Time 00:04:19 Cumulative 64.7 hours Start 2024.11.10 @ 15:28:01 End 2024.11.10 @ 15:31:26 Sessions 1 Manual Loads 0 Difficulty Rogue Special Mode None Game No. 124 Rogue 124 Adventurer 0 Explorer 0 Win Type - Total 1 Types 1/0/0/0/0/0/0/0/0 Lore% 50 Gallery% 54 Achievement% 46 Wizard Run 0 Options --------- Layout 0 ASCII 0 Keyboard 1 Movement Numpad Keybinds 0 Fullscreen 2 Font 24/Terminus Map View 76x50 Zoom Use 0% Tactical HUD 1 Map Filters NONE Filters NONE Steam 1 RUN: 5815a4e7-2540-45ce-bd3d-57899326a116